 Dungeon Crawl Stone Soup version 0.27-a0-1177-g245c70e1c0 (webtiles) character file.

Game seed: 15947112669093919123

47 polve the Cutter (level 3, -6/29 HPs)
             Began as a Demonspawn Abyssal Knight on May 16, 2021.
             Was a Follower of Lugonu.
             Mangled by a gnoll
             ... wielding a +0 halberd
              (15 damage)
             ... on level 1 of the Dungeon.
             The game lasted 00:01:22 (1737 turns).

polve the Cutter (Demonspawn Abyssal Knight)        Turns: 1737, Time: 00:01:22

Health: -6/29      AC:  3    Str: 13    XL:     3   Next: 48%
Magic:  4/4        EV: 11    Int: 13    God:    Lugonu [*.....]
Gold:   40         SH:  0    Dex: 12    Spells: 2/2 levels left

rFire    . . .     SeeInvis .   a - +1 short sword
rCold    . . .     Faith    .   (no shield)
rNeg     . . .     Spirit   .   b - +0 leather armour
rPois    .         Reflect  .   (no helmet)
rElec    .         Harm     .   (no cloak)
rCorr    .         Rampage  .   (no gloves)
Will     .....                  (no boots)
Stlth    +.........             (no amulet)
HPRegen  0.09/turn              (no ring)
MPRegen  0.09/turn              (no ring)

@: no status effects
A: demonic guardian 2
a: Renounce Religion, Depart the Abyss


You were on level 1 of the Dungeon.
You worshipped Lugonu.
Lugonu was aware of your devotion.
You visited 1 branch of the dungeon, and saw 2 of its levels.
You visited the Abyss 1 time.

You collected 40 gold pieces.

Inventory:

Hand Weapons
 a - a +1 short sword (weapon)
Armour
 b - a +0 leather armour (worn)
Scrolls
 d - a scroll of amnesia {unknown}
Potions
 c - 2 potions of cancellation {unknown}


   Skills:
 - Level 3.0 Fighting
 + Level 3.6 Short Blades
 - Level 1.7 Armour
 - Level 0.8 Dodging
 - Level 2.4 Invocations


You had 2 spell levels left.
You didn't know any spells.
Your spell library contained the following spells:

 Spells                   Type           Power      Damage    Failure   Level
 Animate Skeleton         Necr           0%         N/A       36%         1
 Apportation              Tloc           0%         N/A       36%         1
 Corona                   Hex            0%         N/A       36%         1
 Summon Small Mammal      Summ           0%         N/A       36%         1


Dungeon Overview and Level Annotations

Branches:
Dungeon (2/15)

Altars:


Innate Abilities, Weirdness & Mutations

A demonic guardian rushes to your aid.


Message History

You kill the gnoll!
Lugonu accepts your kill.
You hit the goblin.
The goblin is severely wounded.
The goblin hits you but does no damage.
You hit the goblin but do no damage.
The goblin is severely wounded.
The goblin barely misses you.
You closely miss the goblin.
The goblin is severely wounded.
The goblin barely misses you.
You hit the goblin.
You kill the goblin!
Lugonu accepts your kill.
Items here: )) ††.
Okay, then.
HP restored.
Done exploring.
You open the door.
There is an open door here.
You open the door.
There is an open door here.
There is a stone staircase leading down here.
You climb downwards.
There is a stone staircase leading up, spattered with blood here.
The gnoll hits you from afar with a +0 halberd.
There is a stone staircase leading up, spattered with blood here.
The gnoll hits you from afar with a +0 halberd!
A demonic guardian appears!
The gnoll hits you with a +0 halberd!
* * * LOW HITPOINT WARNING * * *
You climb upwards.
Your summoned ally is left behind.
There is a stone staircase leading down here.
The gnoll barely misses you.
There is a large open door here.
There is a large open door here.
You see here a +0 leather armour.
There is an open door here.
The gnoll hits you with a +0 halberd!
Ouch! That really hurt!
You die...

.# #.# ##'###'########...# .# #.#
#.......#.......#.#
.########.####.......'..>....#.#
.............#.⌠.⌠.⌠.#.......#.#
.########.####.......###'###.#.#
.# #...).^...#.......###'###.#.#
.###.####.##g##########[..##...##
...#.# #.##.##########.<.###....
##.#.####.##....@g....'...##...##
#.#.##......###############>#.#
#...........########## ####.#.##
#...##.###...#...##..# #........
#..###.##.#.#.....#..# #.##.#...
#..# #.#.............# #.##.##.#
##..###.##.#.#.....##.###.##.##.#
#.............#.#............##.#
#..######....##...###.###.#####.#


You could see a gnoll.

Vanquished Creatures
  A gnoll (D:1)
  2 dart slugs (D:1)
  3 ball pythons (D:1)
  3 endoplasms (D:1)
  7 goblins
  5 hobgoblins (D:1)
  A quokka (D:1)
  4 bats (D:1)
  3 rats (D:1)
29 creatures vanquished.

Vanquished Creatures (collateral kills)
  A rat (D:2)
1 creature vanquished.

Grand Total: 30 creatures vanquished

Notes
Turn   | Place    | Note
-------+----------+-------------------------------------------
     0 | Abyss:1  | polve the Demonspawn Abyssal Knight began the quest for the
                  | Orb.
     0 | Abyss:1  | Reached XP level 1. HP: 18/18 MP: 2/2
    69 | Abyss:1  | Noticed a worldbinder
    78 | Abyss:1  | Noticed a dream sheep
    79 | Abyss:1  | Noticed a dream sheep
    81 | D:1      | Escaped the Abyss
   387 | D:1      | Gained mutation: A weak demonic guardian rushes to your
                  | aid. [demonic ancestry]
   387 | D:1      | Reached XP level 2. HP: 10/24 MP: 3/3
   558 | D:1      | Reached * piety under Lugonu
   650 | D:1      | Found a faded altar of an unknown god.
  1272 | D:1      | Gained mutation: A demonic guardian rushes to your aid.
                  | [demonic ancestry]
  1272 | D:1      | Reached XP level 3. HP: 29/29 MP: 4/4
  1737 | D:1      | Mangled by a gnoll

Illustrated notes

Levels and vault maps discovered:
D:1:      dpeg_arrival_simpleton_b, layout_loops_ring,
          shapermc_ecumenical_altar_venn
D:2:      layout_basic, serial_shops, shop

Skill      XL: |  1  2 |
---------------+-------+-----
Short Blades   | 2 3 |  3.6
Fighting       | |  3.0
Armour         | |  1.7
Dodging        | |  0.8
Invocations    | |  2.4

Action                   || total
-------------------------++-------
Melee: Short sword       ||    93
Invok: Depart the Abyss  ||     1
Armor: Leather armour    ||    33
Dodge: Dodged            ||    51

Table legend: (Time is in decaauts)
 A = Elapsed time spent in this place.
 B = Non-inter-level travel time spent in this place.
 C = Inter-level travel time spent in this place.
 D = Time resting spent in this place.
 E = Time spent auto-exploring this place.
 F = Levels seen in this place.
 G = Mean time per level.
                   A        B        C        D        E       F      G
               +--------+--------+--------+--------+--------+-----+--------+
         Total |   1734 |   1703 |     31 |      0 |   1442 |   3 |  578.0 |
       Dungeon |   1653 |   1622 |     31 |      0 |   1373 |   2 |  826.5 |
         Abyss |     81 |     81 |      0 |      0 |     69 |   1 |   81.0 |
               +--------+--------+--------+--------+--------+-----+--------+

Top non-repeatable levels by time:
     D:1: 1639 daAuts
 Abyss:1: 81 daAuts
     D:2: 13 daAuts
